 Dungeon Crawl Stone Soup version 0.27-a0-1529-g1e82c303ef (webtiles) character file.

Game seed: 11515898955647857252

6 PentaManta the Insei (level 1, -2/15 HPs)
             Began as a Merfolk Transmuter on July 12, 2021.
             Frozen to death by an endoplasm (4 damage)
             ... on level 1 of the Dungeon.
             The game lasted 00:00:54 (263 turns).

PentaManta the Insei (Merfolk Transmuter)            Turns: 263, Time: 00:00:54

Health: -2/15      AC:  2    Str: 10    XL:     1   Next: 90%
Magic:  3/3        EV: 13    Int: 12    God:
Gold:   41         SH:  0    Dex: 14    Spells: 3/4 levels left

rFire    . . .     SeeInvis .     - Unarmed
rCold    . . .     Faith    .   (no shield)
rNeg     . . .     Spirit   .   a - +0 robe
rPois    .         Reflect  .   (no helmet)
rElec    .         Harm     .   (no cloak)
rCorr    .         Rampage  .   (no gloves)
Will     .....                  (no boots)
Stlth    +.........             (no amulet)
HPRegen  0.05/turn              (no ring)
MPRegen  0.08/turn              (no ring)

@: no status effects
A: (nimble swimmer 2), mertail
a: no special abilities


You were on level 1 of the Dungeon.
You visited 1 branch of the dungeon, and saw 1 of its levels.

You collected 41 gold pieces.

Inventory:

Armour
 a - a +0 robe (worn)
Scrolls
 b - 2 scrolls of enchant armour {unknown}
Potions
 c - a potion of curing {unknown}


   Skills:
 - Level 1.1 Fighting
 * Level 3.0 Dodging
 * Level 3.4 Unarmed Combat
 + Level 2.1 Spellcasting
 + Level 2.8 Transmutations


You had 3 spell levels left.
You knew the following spells:

 Your Spells              Type           Power      Damage    Failure   Level
a - Beastly Appendage     Tmut           16%        N/A       9%          1

Your spell library contained the following spells:

 Spells                   Type           Power      Damage    Failure   Level
 Wereblood                Tmut           8%         N/A       13%         2
 Spider Form              Tmut/Pois      2%         N/A       41%         3
 Ice Form                 Ice/Tmut       4%         N/A       83%         4


Dungeon Overview and Level Annotations

Branches:
Dungeon (1/15)

Altars:


Innate Abilities, Weirdness & Mutations

((You are quick and stealthy near water. (Stealth+, EV+, Speed+++)))
Your lower body shifts to a powerful aquatic tail in water.


Message History

The ball python completely misses you.
The kobold hits you with a +1 short sword of speed.
You miss the kobold.
The kobold is severely wounded.
The kobold barely misses you. The ball python barely misses you.
The ball python grabs you. The ball python constricts you.
You hit the kobold.
You kill the kobold!
The ball python bites you but does no damage.
The ball python constricts you.
You hit the ball python.
You kill the ball python!
The goblin hits you with a +0 club.
An endoplasm comes into view.
The endoplasm quivers.
The goblin hits you with a +0 club.
You see here a ball python corpse.
You hit the goblin.
You kill the goblin!
Your Dodging skill increases to level 3!
Things that are here:
a +0 club; a +1 short sword of speed; a goblin corpse The endoplasm jiggles.
You hit the endoplasm.
The endoplasm is moderately wounded.
Your transformation is almost over.
The endoplasm barely misses you.
You hit the endoplasm but do no damage.
The endoplasm is moderately wounded.
The endoplasm freezes you.
You are frozen.
* * * LOW HITPOINT WARNING * * *
You hit the endoplasm. Your headbutt misses the endoplasm.
The endoplasm is heavily wounded.
Things that are here:
a +0 club; a +1 short sword of speed; a goblin corpse Your horns disappear.
The endoplasm freezes you.
You are frozen.
You die...

##.###
#....................
#.#
######.##.#.#.......
#.# #.....# #.......#
#.# #.#.##.#.# #....#
#.# #....##.# #....##
#. #.#
#.......####.....#...
#.#
#..................#
#.#
#.....######.....#
##.# #....@.# #)†...#
#..# #.#...J###
#.....# #.##
#........###..####
#.# #...........!.#
#.# #>.......####.#
..# #.#....### #.#
#.# #.#..... ..# #.#
# #.#### .## #.# ...


You could see an endoplasm.

Vanquished Creatures
  A ball python (D:1)
  A giant cockroach (D:1)
  A goblin (D:1)
  A kobold (D:1)
  A frilled lizard (D:1)
5 creatures vanquished.

Notes
Turn   | Place    | Note
-------+----------+-------------------------------------------
     0 | D:1      | PentaManta the Merfolk Transmuter began the quest for the
                  | Orb.
     0 | D:1      | Reached XP level 1. HP: 15/15 MP: 3/3
   263 | D:1      | Frozen to death by an endoplasm

Illustrated notes

Levels and vault maps discovered:
D:1:      dpeg_arrival_boxes_within_box, layout_loops_ring,
          dreamdust_ecumenical_altar_angels_and_demons

Skill      XL: |  1 |
---------------+----+-----
Dodging        | 3 |  3.0
Fighting       | |  1.1
Unarmed Combat | |  3.4
Spellcasting   | |  2.1
Transmutations | |  2.8

Action                   || total
-------------------------++-------
Melee: Unarmed           ||    19
       Headbutt          ||     2
 Cast: Beastly Appendage ||     6
Armor: Robe              ||     6
Dodge: Dodged            ||    11

Table legend: (Time is in decaauts)
 A = Elapsed time spent in this place.
 B = Non-inter-level travel time spent in this place.
 C = Inter-level travel time spent in this place.
 D = Time resting spent in this place.
 E = Time spent auto-exploring this place.
 F = Levels seen in this place.
 G = Mean time per level.
                   A        B        C        D        E       F      G
               +--------+--------+--------+--------+--------+-----+--------+
         Total |    261 |    261 |      0 |      0 |    212 |   1 |  261.0 |
       Dungeon |    261 |    261 |      0 |      0 |    212 |   1 |  261.0 |
               +--------+--------+--------+--------+--------+-----+--------+

Top non-repeatable levels by time:
     D:1: 261 daAuts
